 Dungeon Crawl Stone Soup version 0.29.1-1-gd02db6906a (webtiles) character file.

Game seed: 12353817097167020821

520 Icepheonix32 the Caller (level 7, -1/50 HPs)
             Began as a Merfolk Summoner on Oct 5, 2022.
             Slain by a centaur
             ... wielding a +0 glaive
              (13 damage)
             ... on level 5 of the Dungeon.
             The game lasted 00:07:54 (5030 turns).

Icepheonix32 the Caller (Merfolk Summoner)          Turns: 5030, Time: 00:07:55

Health: -1/50      AC:  2    Str:  6    XL:     7   Next: 21%
Magic:  7/12       EV: 13    Int: 17    God:
Gold:   227        SH:  0    Dex: 14    Spells: 4/13 levels left

rFire   . . .      SeeInvis .   e - +2 short sword (drain)
rCold   . . .      Faith    .   (no shield)
rNeg    . . .      Spirit   .   a - +0 robe
rPois   .          Reflect  .   (no helmet)
rElec   +          Harm     .   (no cloak)
rCorr   .          Rampage  .   (no gloves)
Will    .....                   (no boots)
Stlth   ++........              (no amulet)
HPRegen 0.16/turn               (no ring)
MPRegen 0.13/turn               (no ring)

@: no status effects
A: (nimble swimmer 2), mertail, electricity resistance, weak 1
a: no special abilities


You were on level 5 of the Dungeon.
You visited 1 branch of the dungeon, and saw 5 of its levels.

You collected 227 gold pieces.

Inventory:

Hand Weapons
 d - a +0 hand axe
 e - a +2 short sword of draining (weapon)
 D - a +0 spear
Missiles
 c - 6 silver javelins
 h - 6 curare-tipped darts
Armour
 a - a +0 robe (worn)
 B - an orb of guile
Jewellery
 m - a ring of magical power
 y - an amulet of regeneration
Wands
 t - a wand of iceblast (5)
Scrolls
 f - a scroll of magic mapping {unknown}
 j - a scroll of immolation {unknown}
 k - a scroll of amnesia
 l - 4 scrolls of enchant armour {unknown}
 n - 2 scrolls of teleportation {unknown}
 o - 6 scrolls of identify {unknown}
 q - a scroll of noise {unknown}
 s - a scroll of brand weapon {unknown}
 u - a scroll of poison {unknown}
 v - 2 scrolls of vulnerability {unknown}
 w - a scroll of fear
 A - a scroll of fog {unknown}
 C - a scroll of enchant weapon {unknown}
Potions
 b - a potion of magic
 g - 2 potions of heal wounds
 i - 4 potions of invisibility {unknown}
 p - 5 potions of curing
 r - a potion of resistance {unknown}
 x - a potion of might {unknown}
 z - a potion of haste {unknown}


   Skills:
 - Level 2.1 Fighting
 - Level 0.7 Short Blades
 + Level 0.3 Axes
 + Level 3.2 Dodging
 - Level 2.1 Stealth
 + Level 3.9 Spellcasting
 * Level 6.9 Summonings


You had 4 spell levels left.
You knew the following spells:

 Your Spells              Type           Power      Damage    Failure   Level
a - Summon Small Mammal   Summ           100%       N/A       1%          1
b - Call Imp              Summ           26%        N/A       1%          2
c - Call Canine Familiar  Summ           26%        N/A       2%          3
d - Summon Guardian Gole  Hex/Summ       15%        N/A       12%         3

Your spell library contained the following spells:

 Spells                   Type           Power      Damage    Failure   Level
 Apportation              Tloc           6%         N/A       16%         1
 Necrotise                Necr           12%        1d4       16%         1
 Summon Lightning Spire   Summ/Air       15%        N/A       36%         4
 Gell's Gravitas          Tloc           3%         N/A       43%         3
 Teleport Other           Tloc           3%         N/A       43%         3
 Petrify                  Tmut/Erth      3%         N/A       85%         4
 Metabolic Englaciation   Hex/Ice        1%         N/A       99%         5
 Dispersal                Tloc           1%         N/A       100%        6
 Statue Form              Tmut/Erth      2%         N/A       100%        6


Dungeon Overview and Level Annotations

Branches:
Dungeon (5/15)             Temple (0/1) D:5

Altars:
Elyvilon
Makhleb
Ru
Wu Jian
Xom

Shops:
D:4 [


Innate Abilities, Weirdness & Mutations

((You are very nimble when in or above water. (Stealth+, EV+, Speed+++)))
Your lower body shifts to a powerful aquatic tail in water.
You are resistant to electric shocks. (rElec)
You are weak. (Str -2)


Message History

A shadowy apparition takes form in the air.
The centaur shoots an arrow.
The arrow hits your shadow imp.
Unknown command.
Casting: Call Imp (safe; 1% risk of failure)
Confirm with . or Enter, or press ? or * to list all spells.
Your hound barely misses the quokka.
The centaur shoots an arrow.
The arrow misses your shadow imp. The arrow closely misses you.
The arrow hits your quokka. The quokka bites you.
Your hound bites the quokka.
Your shadow imp gestures at the quokka.
The quokka writhes in agony!
The quokka dies!
The centaur shoots an arrow.
The arrow misses your shadow imp. The arrow hits you!
The centaur shoots an arrow.
The arrow barely misses your shadow imp.
The arrow hits you!
* * * LOW HITPOINT WARNING * * *
Your shadow imp hits the centaur but does no damage.
Unknown command.
The centaur shoots an arrow.
The arrow hits your shadow imp but does no damage.
Your hound bites the centaur.
The centaur shoots an arrow.
The arrow misses your shadow imp. The arrow hits you.
* * * LOW HITPOINT WARNING * * *
Unknown command.
Your hound bites the centaur but does no damage.
The centaur unwields a +0 shortbow.
The centaur wields a +0 glaive.
The centaur closely misses you. The centaur misses you.
Your hound bites the centaur.
Your shadow imp hits the centaur.
Unknown command.
You hit the centaur. You drain the centaur.
The centaur is heavily wounded.
The centaur closely misses you. The centaur barely misses you.
Your hound bites the centaur.
The centaur closely misses your hound. The centaur kicks your hound.
Your shadow imp hits the centaur.
Unknown command.
You hit the centaur but do no damage. You drain the centaur.
The centaur is almost dead.
Your hound barely misses the centaur.
The centaur hits you with a +0 glaive!
You die...

...........#.. ..#
...........#.. ..# ####
...........#..##..# #...
...........#......# ##..
...........#......## #..
.........†.#.......# #..
...........#.......# #..
...........###..##### ###
>..........@5.......#+####..
...........hc8.8.8..#..<.#..
...........r.⌠.⌠.⌠..#....#..
....................#....'..
..........!....>....#....#..
....................######..
..........##+##...........#
..........# #...........#
#...........#


You could see a centaur (very drained, ally target), a friendly hound
(summoned), a friendly shadow imp (summoned) and a friendly quokka (summoned).

Vanquished Creatures
  A black bear (D:4)
  3 adders
  2 dart slugs
  2 orcs
  13 ball pythons
  7 endoplasms
  3 giant cockroaches
  7 goblins
  6 hobgoblins
  5 jackals
  2 quokkas
  3 bats
  6 frilled lizards
  4 kobolds
  3 rats (D:1)
67 creatures vanquished.

Vanquished Creatures (collateral kills)
  An ogre (D:4)
  2 necrophages (D:4)
  A jelly (D:5)
  An iguana (D:4)
  2 orc wizards (D:4)
  A worm (D:3)
  2 orcs (D:5)
  6 endoplasms
  4 goblins
  A hobgoblin (D:2)
  A kobold (D:3)
  2 quokkas
  A bat (D:2)
  4 frilled lizards (D:2)
29 creatures vanquished.

Vanquished Creatures (others)
  2 fungi (D:4)
2 creatures vanquished.

Grand Total: 98 creatures vanquished

Notes
Turn   | Place    | Note
-------+----------+-------------------------------------------
     0 | D:1      | Icepheonix32 the Merfolk Summoner began the quest for the
                  | Orb.
     0 | D:1      | Reached XP level 1. HP: 13/13 MP: 3/3
   187 | D:1      | Reached XP level 2. HP: 20/20 MP: 5/5
   203 | D:1      | Learned a level 2 spell: Call Imp
   674 | D:1      | Reached XP level 3. HP: 25/25 MP: 6/6
  1448 | D:2      | Identified the +0 leather armour of Cebiuk {Harm Int-4
                  | SInv}
  2223 | D:2      | Reached XP level 4. HP: 28/31 MP: 4/7
  2228 | D:2      | Reached skill level 5 in Summonings
  2503 | D:3      | Found a faded altar of an unknown god.
  2951 | D:3      | Found an ornate altar of the Wu Jian Council.
  3178 | D:4      | Noticed a black bear
  3189 | D:3      | Learned a level 3 spell: Call Canine Familiar
  3210 | D:4      | Found Buigreoxi's Armour Emporium.
  3407 | D:4      | Reached skill level 1 in Fighting
  3408 | D:4      | Gained mutation: You expend magic power (3 MP) to
                  | strengthen your wands. [potion of mutation]
  3408 | D:4      | Gained mutation: You sometimes lose your temper in combat.
                  | [potion of mutation]
  3408 | D:4      | Gained mutation: Your spells are a little harder to cast,
                  | but a little more powerful. [potion of mutation]
  3413 | D:4      | Killed a black bear
  3414 | D:4      | Reached XP level 5. HP: 30/37 MP: 4/9
  3522 | D:4      | Lost mutation: Your spells are a little harder to cast, but
                  | a little more powerful. [potion of mutation]
  3522 | D:4      | Lost mutation: You expend magic power (3 MP) to strengthen
                  | your wands. [potion of mutation]
  3522 | D:4      | Lost mutation: You sometimes lose your temper in combat.
                  | [potion of mutation]
  3522 | D:4      | Gained mutation: You are weak. (Str -2) [potion of
                  | mutation]
  3522 | D:4      | Gained mutation: You are resistant to electric shocks.
                  | (rElec) [potion of mutation]
  3545 | D:4      | Noticed an ogre
  3564 | D:4      | Reached skill level 6 in Summonings
  3564 | D:4      | Reached XP level 6. HP: 19/44 MP: 1/11
  3754 | D:4      | Found a shimmering altar of Xom.
  3755 | D:4      | Found a burning altar of Makhleb.
  3757 | D:4      | Found a sacrificial altar of Ru.
  3762 | D:4      | Found a white marble altar of Elyvilon.
  3997 | D:4      | Learned a level 3 spell: Summon Guardian Golem
  4639 | D:5      | Entered Level 5 of the Dungeon
  4652 | D:4      | Reached XP level 7. HP: 44/50 MP: 7/12
  4983 | D:5      | Found a staircase to the Ecumenical Temple.
  5030 | D:5      | Slain by a centaur

Illustrated notes

Levels and vault maps discovered:
D:1:      lemuel_arrival_funnel, layout_loops_corners
D:2:      layout_basic, minmay_lizard_pond
D:3:      layout_basic, mainiacjoe_overflow_alcove_2,
          shapermc_ecumenical_altar_notcrosses
D:4:      layout_basic, mainiacjoe_overflow_alcove_3, serial_shops, shop
D:5:      layout_gridville, minmay_temple_entry_drinking_statues, uniq_grinder

Skill      XL: |  1  2  3  4  5  6 |
---------------+-------------------+-----
Summonings     | 5 6 |  6.9
Fighting       | 1 2 |  2.1
Dodging        | 3 |  3.2
Spellcasting   | 3 |  3.9
Short Blades   | |  0.7
Axes           | |  0.3
Stealth        | |  2.1

Action                   |  1- 3 |  4- 6 |  7- 9 || total
-------------------------+-------+-------+-------++-------
Melee: Short sword       |   107 |    77 |    10 ||   194
       Hand axe          |     5 |       |       ||     5
 Cast: Summon Small Mamm |     4 |     7 |     2 ||    13
       Call Imp          |    19 |    12 |     2 ||    33
       Call Canine Famil |       |     8 |     2 ||    10
  Use: Scroll            |     2 |       |       ||     2
       Potion            |       |     3 |     1 ||     4
 Stab: Sleeping          |     5 |     2 |       ||     7
       Distracted        |     2 |       |       ||     2
Armor: Robe              |    29 |    18 |       ||    47
Dodge: Dodged            |    88 |    44 |    16 ||   148
